[Event "Titled Tuesday Blitz May 2 Late 2023"]
[White "Elissalt Cardenas, Hector"]
[Black "Ladan, Nicholas"]
[WhiteFideId "3500632"]
[BlackFideId "30918855"]
[WhiteElo "2202"]
[BlackElo "2167"]
[Result "1/2-1/2"]
[Round "07"]
[TimeControl "180+2"]
[Date "2023.05.02"]
[WhiteClock "0:00:09"]
[BlackClock "0:00:04"]

1. d4 d5 2. c4 e6 3. Nc3 Nf6 4. Nf3 Bb4 5. cxd5 exd5 6. Qa4+ Nc6 7. Bg5 h6 8. Bxf6 Qxf6 9. e3 O-O 10. Be2 Qg6 11. O-O Bd6 12. Nxd5 Bh3 13. Ne1 Rfe8 14. Nc3 Ne7 15. Nb5 Nf5 16. Nxd6 cxd6 17. Bd3 Qg5 18. Kh1 Nxe3 19. fxe3 Rxe3 20. gxh3 Qd5+ 21. Ng2 Rxd3 22. Qd7 Rd2 23. Qg4 Rxd4 24. Qf3 Qxf3 25. Rxf3 Rd2 26. Rb3 Re8 27. Rg1 b6 28. Ra3 a5 29. Rb3 Ree2 30. Rxb6 Rxb2 31. Rxb2 Rxb2 32. Ra1 Re2 33. Nf4 Rf2 34. Nd3 Rd2 35. Nf4 g5 36. Nh5 Kh7 37. Nf6+ Kg6 38. Ne4 Re2 39. Nc3 Rc2 40. Nd5 Rd2 41. Nc3 d5 42. a4 d4 43. Ne4 Re2 44. Ng3 Rc2 45. Rd1 Rc4 46. Ne2 Rxa4 47. Nxd4 f5 48. Re1 Ra2 49. Re6+ Kh5 50. Nxf5 Ra1+ 51. Kg2 Ra2+ 52. Kg3 Ra3+ 53. Kg2 Ra2+ 54. Kg3 Ra3+ 55. Kg2 Ra2+ 1/2-1/2


[Site "https://www.chess.com"]

[Event "Titled Tuesday Blitz May 2 Late 2023"]
[White "Pein, Jonathan"]
[Black "Kavinda, Akila"]
[WhiteFideId "417092"]
[BlackFideId "9901302"]
[WhiteElo "2151"]
[BlackElo "2043"]
[Result "1-0"]
[Round "07"]
[TimeControl "180+2"]
[Date "2023.05.02"]
[WhiteClock "0:01:41"]
[BlackClock "0:01:47"]

1. b3 e5 2. Bb2 Nc6 3. e3 Nf6 4. Bb5 Bd6 5. Ne2 Qe7 6. Ng3 g6 7. d4 exd4 8. Bxc6 dxc6 9. Qxd4 Bb4+ 10. Kf1 Qd6 11. Qxd6 Bxd6 12. Bxf6 O-O 13. Ne4 Bb4 14. a3 Ba5 15. b4 Bb6 16. c4 c5 17. Nxc5 c6 18. Nd2 Bc7 19. h4 b6 20. Nce4 Ba6 21. h5 Rfe8 22. Rc1 Re6 23. Bb2 Rd8 24. Nf6+ Kf8 25. Nxh7+ Ke7 26. Nf3 Rd3 27. Nhg5 Rb3 28. Nxe6 Kxe6 29. Nd4+ Kd7 30. Nxb3 1-0


[Site "https://www.chess.com"]

[Event "Titled Tuesday Blitz May 2 Late 2023"]
[White "Ng, Gary"]
[Black "Baltic, Fatih"]
[WhiteFideId "2604914"]
[BlackFideId "12979090"]
[WhiteElo "2213"]
[BlackElo "2200"]
[Result "1-0"]
[Round "07"]
[TimeControl "180+2"]
[Date "2023.05.02"]
[WhiteClock "0:00:06"]
[BlackClock "0:00:09"]

1. d4 d5 2. Bf4 c5 3. e3 Nc6 4. Nf3 f6 5. c3 Bg4 6. Bb5 a6 7. Bxc6+ bxc6 8. Nbd2 e6 9. Qa4 Qb6 10. Nb3 Bxf3 11. dxc5 Bxc5 12. Nxc5 Qxc5 13. gxf3 e5 14. Bg3 Ne7 15. Qg4 O-O 16. Rg1 Rf7 17. Rc1 f5 18. Qg5 f4 19. exf4 exf4 20. Bxf4 Nf5 21. Kf1 Raf8 22. Be5 g6 23. Re1 Qc4+ 24. Kg2 Nh4+ 25. Kh3 Nxf3 26. Qh6 Nxe5 27. Rxe5 Rf3+ 28. Rg3 Qf1+ 29. Kg4 Qxf2 30. Re7 R3f4+ 31. Kh3 Qf1+ 32. Rg2 Rf3+ 33. Kh4 Qc4+ 34. Rg4 R3f7 35. Rxf7 Qxg4+ 36. Kxg4 Rxf7 37. Qg5 Kg7 38. Qd8 Rf6 39. Qd7+ Kh6 40. h4 Rf5 41. Qxc6 a5 42. Qb6 d4 43. Qxd4 Rh5 44. c4 a4 45. c5 a3 46. bxa3 g5 47. hxg5+ Rxg5+ 48. Kh4 Rg6 49. Qf4+ Kg7 50. Qe5+ Kf7 51. c6 Rxc6 52. Qd5+ Re6 53. a4 Kf6 54. a5 h6 55. Qd4+ Ke7 56. Qc5+ Kd7 57. Qb5+ Kc7 58. a6 Rb6 59. Qc5+ Rc6 60. Qa5+ Kb8 61. a7+ Ka8 62. Qd5 Kxa7 63. Qxc6 h5 64. Qb5 Ka8 65. a4 Ka7 66. a5 Ka8 67. a6 1-0


[Site "https://www.chess.com"]

[Event "Titled Tuesday Blitz May 2 Late 2023"]
[White "Fernandez Siles, Luis"]
[Black "Lopez Perdomo, Juan David"]
[WhiteFideId "2209420"]
[BlackFideId "4405137"]
[WhiteElo "2195"]
[BlackElo "1965"]
[Result "1-0"]
[Round "07"]
[TimeControl "180+2"]
[Date "2023.05.02"]
[WhiteClock "0:00:44"]
[BlackClock "0:00:01"]

1. e4 e6 2. d4 d5 3. Nd2 Nf6 4. Bd3 c5 5. c3 cxd4 6. cxd4 Nc6 7. Ngf3 dxe4 8. Nxe4 Be7 9. O-O O-O 10. Nc3 Qa5 11. Re1 Rd8 12. Be3 Ng4 13. Qe2 Nxe3 14. fxe3 e5 15. d5 Nb4 16. Nxe5 Bf6 17. Nc4 Qc7 18. e4 Nxd3 19. Qxd3 b6 20. e5 Ba6 21. b3 Bxe5 22. Rac1 Bxc3 23. Rxc3 Rac8 24. Rc2 Qc5+ 25. Qe3 Rxd5 26. Qxc5 Rdxc5 27. Rce2 g6 28. Re8+ Kg7 29. R8e7 1-0


[Site "https://www.chess.com"]

[Event "Titled Tuesday Blitz May 2 Late 2023"]
[White "Broca Jimenez, Fernando"]
[Black "Bueno, Alfeu Junior Varela"]
[WhiteFideId "5104742"]
[BlackFideId "2108879"]
[WhiteElo "2062"]
[BlackElo "2175"]
[Result "0-1"]
[Round "07"]
[TimeControl "180+2"]
[Date "2023.05.02"]
[WhiteClock "0:00:01"]
[BlackClock "0:00:09"]

1. e4 e6 2. d4 d5 3. exd5 exd5 4. Bd3 Nc6 5. Ne2 Qh4 6. c3 Bd6 7. g3 Qh5 8. Bf4 Bxf4 9. Nxf4 Qxd1+ 10. Kxd1 Bg4+ 11. Kc2 O-O-O 12. Re1 g5 13. Ne2 h5 14. Nd2 h4 15. f3 Be6 16. g4 Nge7 17. h3 f5 18. b4 Rdf8 19. b5 Na5 20. Nf4 gxf4 21. Rxe6 Kd8 22. Rae1 Rh7 23. gxf5 Nxf5 24. Nb3 Nxb3 25. Kxb3 Rg7 26. R1e5 Ne3 27. c4 Rg3 28. cxd5 Rxf3 29. Be4 Rxh3 30. Kb4 f3 31. d6 f2 32. dxc7+ Kxc7 33. Re7+ Kd8 34. Bd3 Nc2+ 35. Bxc2 f1=Q 36. R7e6 Qf2 37. Bb3 Qxd4+ 38. Ka3 Rd3 39. Rd5+ Qxd5 0-1


[Site "https://www.chess.com"]

[Event "Titled Tuesday Blitz May 2 Late 2023"]
[White "Marcziter, Dmitrii"]
[Black "Torres Dominguez, David"]
[WhiteFideId "13900765"]
[BlackFideId "2220857"]
[WhiteElo "2162"]
[BlackElo "1999"]
[Result "1-0"]
[Round "07"]
[TimeControl "180+2"]
[Date "2023.05.02"]
[WhiteClock "0:00:30"]
[BlackClock "0:00:01"]

1. e4 Nc6 2. Bb5 e5 3. Nf3 Nge7 4. c3 g6 5. d4 Bg7 6. d5 a6 7. Ba4 Na7 8. d6 cxd6 9. Qxd6 Nb5 10. Qd1 Nc7 11. O-O b5 12. Bb3 d6 13. h3 O-O 14. a4 Bb7 15. Re1 h6 16. Nbd2 Re8 17. Nf1 d5 18. exd5 Nexd5 19. Ng3 Nb6 20. axb5 Qxd1 21. Bxd1 axb5 22. Rxa8 Bxa8 23. Ne4 Nc4 24. b3 Nb6 25. Nd6 Rd8 26. Ba3 Bf8 27. Bc5 Nd7 28. Bb4 Nd5 29. Nxb5 Nxb4 30. cxb4 e4 31. Nfd4 Ne5 32. Bc2 Nd3 33. Ra1 Nxb4 34. Bd1 Bd5 35. Be2 Nd3 36. Bf1 Bg7 37. Ra7 Nc1 38. b4 1-0


[Site "https://www.chess.com"]

[Event "Titled Tuesday Blitz May 2 Late 2023"]
[White "Gerbelli Neto, Eduardo"]
[Black "Adel, Sara"]
[WhiteFideId "2103281"]
[BlackFideId "10616764"]
[WhiteElo "2178"]
[BlackElo "1982"]
[Result "1-0"]
[Round "07"]
[TimeControl "180+2"]
[Date "2023.05.02"]
[WhiteClock "0:00:04"]
[BlackClock "0:00:26"]

1. e4 c6 2. d4 d5 3. exd5 cxd5 4. c4 dxc4 5. Nc3 Nf6 6. Nf3 g6 7. Bxc4 Bg7 8. Qa4+ Nbd7 9. O-O a6 10. Re1 O-O 11. Qc2 b5 12. Bd3 Bb7 13. Ne5 Nb6 14. Be3 Rc8 15. a3 Nfd5 16. Rad1 b4 17. axb4 Nxb4 18. Qe2 Nxd3 19. Rxd3 Nd5 20. Bc1 a5 21. Rh3 Nxc3 22. bxc3 Qd5 23. Qg4 h5 24. Qg5 Bh6 25. Qg3 Rxc3 26. Be3 Bf4 27. Nxg6 Bxg3 28. Nxe7+ Kg7 29. Nxd5 Bxh2+ 30. Kxh2 Bxd5 31. Bh6+ Kxh6 32. Rxc3 a4 33. Rc5 Bb3 34. Re7 Rd8 35. Re4 Kg6 36. f3 f5 37. Rf4 Be6 38. Rc6 Kg5 39. Kg3 Bd5 40. Ra6 Bb3 41. Rh4 Rd5 42. f4# 1-0


[Site "https://www.chess.com"]

[Event "Titled Tuesday Blitz May 2 Late 2023"]
[White "Ocelak, Jakub"]
[Black "Fuentes Godoy, Lilia Ivonne"]
[WhiteFideId "23707933"]
[BlackFideId "5104130"]
[WhiteElo "2044"]
[BlackElo "2096"]
[Result "1-0"]
[Round "07"]
[TimeControl "180+2"]
[Date "2023.05.02"]
[WhiteClock "0:00:11"]
[BlackClock "0:00:01"]

1. b3 d5 2. Bb2 c6 3. Nf3 Nf6 4. g3 g6 5. Bg2 Bg7 6. O-O O-O 7. d4 Bf5 8. Nbd2 Nbd7 9. c4 Re8 10. Nh4 Be6 11. h3 a5 12. cxd5 Nxd5 13. a3 f5 14. e4 fxe4 15. Nxe4 N7f6 16. Nc5 Qc8 17. Nxe6 Qxe6 18. Re1 Qd7 19. Nf3 Rad8 20. Qd2 a4 21. b4 Nb6 22. Ne5 Qc7 23. Qc2 Nfd5 24. Nd3 e6 25. Nc5 Qf7 26. Rad1 Re7 27. Re2 Rf8 28. Rde1 Nc7 29. h4 Nb5 30. Qd3 Nd5 31. Bh3 Ndc7 32. Qe3 Kh8 33. Qd2 Nd5 34. Nxe6 Rfe8 35. Nxg7 Qxg7 36. Rxe7 Rxe7 37. Rxe7 Qxe7 38. Bc1 Nd6 39. Kh2 Ne4 40. Qe2 Nec3 41. Qf3 Ne4 42. Bg2 Nef6 43. Bg5 Qe6 44. Bh3 1-0


[Site "https://www.chess.com"]

[Event "Titled Tuesday Blitz May 2 Late 2023"]
[White "Debray, Christopher"]
[Black "Urbina Perez, Juan Antonio"]
[WhiteFideId "630810"]
[BlackFideId "2217368"]
[WhiteElo "2340"]
[BlackElo "2197"]
[Result "0-1"]
[Round "07"]
[TimeControl "180+2"]
[Date "2023.05.02"]
[WhiteClock "0:00:12"]
[BlackClock "0:01:14"]

1. d4 Nf6 2. c4 e6 3. Nc3 Bb4 4. a3 Bxc3+ 5. bxc3 b6 6. f3 Nc6 7. e4 Na5 8. Bg5 h6 9. Bh4 d6 10. Bd3 e5 11. Ne2 Ba6 12. O-O g5 13. Bg3 Qe7 14. c5 Bxd3 15. Qxd3 exd4 16. cxd4 dxc5 17. dxc5 Qxc5+ 18. Kh1 Rd8 19. Qa6 O-O 20. Qxa7 Nh5 21. Qxc7 Nxg3+ 22. Qxg3 Rd2 23. Nf4 Qe5 24. Nh5 Qxg3 25. hxg3 Rc8 26. Nf6+ Kg7 27. Nd5 Rcc2 28. Nb4 Rb2 29. Rab1 Rxg2 30. Rxb2 Rxb2 31. Nd5 Nc4 32. a4 Ra2 33. Rb1 Nd2 34. Rxb6 Nxf3 35. e5 Rh2# 0-1


[Site "https://www.chess.com"]

[Event "Titled Tuesday Blitz May 2 Late 2023"]
[White "Golubev, Mikhail"]
[Black "Panico, Nick"]
[WhiteFideId "14100983"]
[BlackFideId "2026724"]
[WhiteElo "2374"]
[BlackElo "1982"]
[Result "0-1"]
[Round "07"]
[TimeControl "180+2"]
[Date "2023.05.02"]
[WhiteClock "0:00:01"]
[BlackClock "0:01:10"]

1. e4 e6 2. d4 d5 3. Bd3 dxe4 4. Bxe4 Nf6 5. Bf3 c5 6. Ne2 Nc6 7. Be3 e5 8. d5 Nd4 9. Nxd4 cxd4 10. Bg5 h6 11. Bxf6 gxf6 12. O-O Bf5 13. c3 Bc5 14. cxd4 Bxd4 15. Nc3 Qd7 16. Ne4 Bxe4 17. Bxe4 f5 18. Bc2 O-O-O 19. Qh5 e4 20. Rad1 Be5 21. d6 Kb8 22. Bb3 f6 23. Rd5 Qc6 24. Rfd1 Rd7 25. Rxe5 fxe5 26. Qxf5 Rhd8 27. Qxe5 Rxd6 28. h3 a6 29. Re1 Ka7 30. Qxe4 Qc5 31. Qe3 Qxe3 32. Rxe3 Rd2 33. Re6 Rxb2 0-1


[Site "https://www.chess.com"]

[Event "Titled Tuesday Blitz May 2 Late 2023"]
[White "Fernandez Madrid, Carlos"]
[Black "Piesik, Piotr"]
[WhiteFideId "2206030"]
[BlackFideId "1136194"]
[WhiteElo "2082"]
[BlackElo "2299"]
[Result "0-1"]
[Round "07"]
[TimeControl "180+2"]
[Date "2023.05.02"]
[WhiteClock "0:00:07"]
[BlackClock "0:00:22"]

1. d4 c5 2. Nf3 cxd4 3. Nxd4 d5 4. g3 e5 5. Nb3 Nc6 6. Bg2 Be6 7. O-O h6 8. e4 d4 9. f4 Nf6 10. fxe5 Nxe5 11. Nxd4 Bc5 12. c3 Bc4 13. Rf5 Qe7 14. Bf4 Nfd7 15. Nd2 Ba6 16. b4 Bb6 17. Kh1 g6 18. Bxe5 Nxe5 19. Rf4 Nd3 20. Rf3 Ne5 21. Rf4 Rd8 22. N2b3 Bc4 23. Bf1 O-O 24. Bxc4 Nxc4 25. Qf1 Ne5 26. Re1 Rc8 27. Re3 h5 28. h4 Ng4 29. Ref3 Bc7 30. Nc5 Bxf4 31. Rxf4 b6 32. Na4 Rc4 33. Qxc4 Ne5 34. Qd5 Rd8 35. Qb5 Ng4 36. Nc6 Rd1+ 37. Kg2 Rd2+ 38. Kg1 Qd6 39. Nd4 Qe5 40. Qxe5 Nxe5 41. c4 Rxd4 42. Nc3 Rxc4 43. Nd5 Kg7 44. a3 Rc1+ 45. Kf2 Rc2+ 46. Ke3 Ra2 47. Kd4 Nc6+ 48. Kc4 Rxa3 49. Kb5 Nd4+ 50. Kc4 Ne6 51. Rf2 Rxg3 52. Ne7 a6 53. Nc8 b5+ 54. Kd5 Rc3 55. Nd6 Rd3+ 56. Kc6 Nd8+ 57. Kd7 Nb7 58. Rxf7+ Kg8 59. Ke8 Nxd6+ 0-1


[Site "https://www.chess.com"]

[Event "Titled Tuesday Blitz May 2 Late 2023"]
[White "Vifleemskaia, Svetlana"]
[Black "Winkels, Marcel"]
[WhiteFideId "4129490"]
[BlackFideId "1003887"]
[WhiteElo "1930"]
[BlackElo "1900"]
[Result "0-1"]
[Round "07"]
[TimeControl "180+2"]
[Date "2023.05.02"]
[WhiteClock "0:00:01"]
[BlackClock "0:00:13"]

1. d4 Nf6 2. c4 g6 3. Nc3 d5 4. cxd5 Nxd5 5. Bd2 Bg7 6. e4 Nxc3 7. Bxc3 c5 8. d5 Bxc3+ 9. bxc3 O-O 10. Nf3 Bg4 11. Qd2 Bxf3 12. gxf3 Nd7 13. f4 Nf6 14. f3 Qd7 15. c4 Rad8 16. h4 Nh5 17. Bh3 Qc7 18. e5 f6 19. Qe3 Qa5+ 20. Kf2 fxe5 21. fxe5 Rf4 22. Rac1 Rdf8 23. Be6+ Kh8 24. Rh3 Qxa2+ 25. Qe2 Qa3 26. Qe3 Qb2+ 27. Kg1 b6 28. Rf1 Rd4 29. d6 Nf4 30. Rh2 Qb4 31. dxe7 Re8 32. Bd5 Nxd5 33. cxd5 Rxd5 34. f4 Qd4 0-1


[Site "https://www.chess.com"]

[Event "Titled Tuesday Blitz May 2 Late 2023"]
[White "Carrasco Miranda, Andres"]
[Black "Hartikainen, Jarmo"]
[WhiteFideId "3405990"]
[BlackFideId "503134"]
[WhiteElo "2183"]
[BlackElo "2108"]
[Result "1-0"]
[Round "07"]
[TimeControl "180+2"]
[Date "2023.05.02"]
[WhiteClock "0:00:27"]
[BlackClock "0:00:15"]

1. d4 Nf6 2. c4 e6 3. g3 d5 4. Bg2 c5 5. cxd5 Nxd5 6. Nf3 cxd4 7. Nxd4 Bb4+ 8. Bd2 Qa5 9. O-O O-O 10. Nb3 Qb6 11. e4 Bxd2 12. N1xd2 Ne7 13. Nc4 Qc7 14. Rc1 Nbc6 15. Qd6 Qxd6 16. Nxd6 Rd8 17. Rfd1 b6 18. e5 Bd7 19. f4 Rab8 20. Nd4 Nxd4 21. Rxd4 b5 22. Rc7 a5 23. Nb7 Nd5 24. Bxd5 exd5 25. Nxd8 Rxd8 26. Rxd5 1-0


[Site "https://www.chess.com"]

[Event "Titled Tuesday Blitz May 2 Late 2023"]
[White "Rose, Felix"]
[Black "Oliveira, Tiago Batista"]
[WhiteFideId "5105722"]
[BlackFideId "2108291"]
[WhiteElo "2039"]
[BlackElo "1962"]
[Result "0-1"]
[Round "07"]
[TimeControl "180+2"]
[Date "2023.05.02"]
[WhiteClock "0:00:07"]
[BlackClock "0:00:21"]

1. e4 e5 2. Nf3 Nc6 3. Bb5 a6 4. Ba4 Nf6 5. O-O Nxe4 6. d4 b5 7. Bb3 d5 8. dxe5 Be6 9. a4 b4 10. a5 Bc5 11. Ba4 Qd7 12. Nbd2 O-O 13. Nb3 Bg4 14. h3 Bxf3 15. gxf3 Qxh3 16. Nxc5 Nxe5 17. fxe4 Nf3+ 18. Qxf3 Qxf3 19. exd5 Rad8 20. Bc6 Rd6 21. Be3 Rg6+ 0-1


[Site "https://www.chess.com"]

[Event "Titled Tuesday Blitz May 2 Late 2023"]
[White "Harish, Neeraj"]
[Black "Joubert, Dantelle"]
[WhiteFideId "30958130"]
[BlackFideId "14310813"]
[WhiteElo "1965"]
[BlackElo "1507"]
[Result "1-0"]
[Round "07"]
[TimeControl "180+2"]
[Date "2023.05.02"]
[WhiteClock "0:01:47"]
[BlackClock "0:00:52"]

1. e4 d5 2. exd5 Qxd5 3. Nc3 Qd6 4. d4 Nf6 5. Nf3 Bg4 6. h3 Bh5 7. g4 Bg6 8. Ne5 c6 9. h4 Be4 10. f3 Bd5 11. Bf4 Qd8 12. Bd3 e6 13. Qe2 Bb4 14. h5 h6 15. a3 Bxc3+ 16. bxc3 Nbd7 17. c4 Nxe5 18. dxe5 Bxc4 19. Bxc4 Qd4 20. Rd1 Qxf4 21. exf6 Qxf6 22. O-O O-O 23. Qe4 g6 24. hxg6 1-0


[Site "https://www.chess.com"]

[Event "Titled Tuesday Blitz May 2 Late 2023"]
[White "Georg, Heinz"]
[Black "Munoz Misselis, Nelson Carlos"]
[WhiteFideId "4607295"]
[BlackFideId "6601790"]
[WhiteElo "2147"]
[BlackElo "1749"]
[Result "1-0"]
[Round "07"]
[TimeControl "180+2"]
[Date "2023.05.02"]
[WhiteClock "0:02:26"]
[BlackClock "0:02:07"]

1. b4 e5 2. Bb2 Nf6 3. Bxe5 Be7 4. a3 a5 5. b5 d6 6. Bb2 O-O 7. Nf3 c5 8. c4 b6 9. g3 Bb7 10. Bg2 Nbd7 11. O-O Re8 12. e3 Bf8 13. d4 cxd4 14. Nxd4 Nc5 15. Bxb7 Nxb7 16. Nc6 Qd7 17. Bxf6 Nc5 18. Bd4 1-0


[Site "https://www.chess.com"]

[Event "Titled Tuesday Blitz May 2 Late 2023"]
[White "Fajdetic, Hrvoje"]
[Black "Vargas, Mauricio"]
[WhiteFideId "14501945"]
[BlackFideId "4404572"]
[WhiteElo "2185"]
[BlackElo "1998"]
[Result "1-0"]
[Round "07"]
[TimeControl "180+2"]
[Date "2023.05.02"]
[WhiteClock "0:00:46"]
[BlackClock "0:00:02"]

1. f4 e5 2. fxe5 d6 3. exd6 Bxd6 4. Nf3 g5 5. g3 g4 6. Nh4 Qe7 7. Nc3 Nc6 8. d4 Nf6 9. Qd3 Nh5 10. Nf5 Bxf5 11. Qxf5 Nxg3 12. hxg3 Bxg3+ 13. Kd1 Nxd4 14. Qd3 O-O-O 15. Bd2 Nf3 16. Qf5+ Kb8 17. exf3 Rxd2+ 18. Kxd2 Rd8+ 19. Bd3 gxf3 20. Qxf3 Qg5+ 21. Kd1 h5 22. Ne4 Qa5 23. Qxg3 Qb4 24. Kc1 1-0


[Site "https://www.chess.com"]

[Event "Titled Tuesday Blitz May 2 Late 2023"]
[White "Kapp, Martin"]
[Black "Wang, Alexander J"]
[WhiteFideId "24651680"]
[BlackFideId "30955270"]
[WhiteElo "2177"]
[BlackElo "1815"]
[Result "1-0"]
[Round "07"]
[TimeControl "180+2"]
[Date "2023.05.02"]
[WhiteClock "0:00:09"]
[BlackClock "0:00:17"]

1. d4 d5 2. c4 e6 3. Nc3 c5 4. Nf3 Nc6 5. cxd5 exd5 6. g3 Nf6 7. Bg2 Be7 8. O-O O-O 9. b3 a6 10. dxc5 Bxc5 11. Bb2 b5 12. e3 Be6 13. Ne2 Ne4 14. Rc1 Rc8 15. Nd2 Nxd2 16. Qxd2 Bb6 17. Nf4 Ne7 18. Ba1 Qd7 19. Qb2 f6 20. Qa3 a5 21. b4 a4 22. Qd3 Bf7 23. Be4 f5 24. Bf3 Rxc1 25. Rxc1 Rc8 26. Qb1 Ng6 27. Rxc8+ Qxc8 28. Qb2 Qf8 29. Nxd5 Bd8 30. a3 Bxd5 31. Bxd5+ Kh8 32. Qc2 Bf6 33. Bxf6 Qxf6 34. Qc8+ Qf8 35. Qxf8+ Nxf8 36. Bc6 Ne6 37. Bxb5 Nc7 38. Bxa4 Nd5 39. b5 Nc3 40. b6 1-0


[Site "https://www.chess.com"]

[Event "Titled Tuesday Blitz May 2 Late 2023"]
[White "Cooklev, Steven"]
[Black "Ismayilova, Khanim"]
[WhiteFideId "2050552"]
[BlackFideId "13429019"]
[WhiteElo "2039"]
[BlackElo "1633"]
[Result "1-0"]
[Round "07"]
[TimeControl "180+2"]
[Date "2023.05.02"]
[WhiteClock "0:00:17"]
[BlackClock "0:00:01"]

1. e4 c5 2. Nf3 Nc6 3. Nc3 e6 4. d4 cxd4 5. Nxd4 Bc5 6. Nb3 Bb4 7. Qd3 Nf6 8. Be2 d5 9. exd5 exd5 10. O-O Bxc3 11. Qxc3 O-O 12. Bf3 Bg4 13. Bg5 d4 14. Qd3 Ne5 15. Qxd4 Nxf3+ 16. gxf3 Bxf3 17. Bxf6 Qxf6 18. Qxf6 gxf6 19. Nd4 Be4 20. Rfe1 f5 21. f3 Bd5 22. Kf2 Rac8 23. c3 f4 24. Nf5 Kh8 25. a3 Be6 26. Nd4 Bd5 27. Re5 Rcd8 28. Rae1 f6 29. Re7 b6 30. Rxa7 Rfe8 31. Ree7 Rxe7 32. Rxe7 Bc4 33. h4 b5 34. h5 Rd5 35. h6 1-0


[Site "https://www.chess.com"]

[Event "Titled Tuesday Blitz May 2 Late 2023"]
[White "Dias, Joao Batista"]
[Black "Sailer, Mike"]
[WhiteFideId "2108240"]
[BlackFideId "2012901"]
[WhiteElo "1907"]
[BlackElo "2109"]
[Result "1-0"]
[Round "07"]
[TimeControl "180+2"]
[Date "2023.05.02"]
[WhiteClock "0:01:58"]
[BlackClock "0:00:52"]

1. e4 d5 2. exd5 Qxd5 3. Nc3 Qd6 4. Nf3 Nf6 5. h3 c6 6. d4 Bf5 7. Be3 e6 8. Qd2 Nbd7 9. O-O-O Nb6 10. g4 Bg6 11. Nh4 Be7 12. Nxg6 hxg6 13. Bg2 O-O-O 14. Kb1 Nbd5 15. Nxd5 Nxd5 16. Bxd5 Qxd5 17. Rhe1 Rxh3 18. Qe2 Kb8 19. a3 Rdh8 20. c4 Qe4+ 21. Ka2 Bd6 22. Rd3 Rh1 23. Rxh1 Rxh1 24. f3 Rh2 25. Qxh2 Bxh2 26. fxe4 1-0


[Site "https://www.chess.com"]

[Event "Titled Tuesday Blitz May 2 Late 2023"]
[White "Sarana, Alexey"]
[Black "Terry, Renato"]
[WhiteFideId "24133795"]
[BlackFideId "3803457"]
[WhiteElo "2714"]
[BlackElo "2575"]
[Result "1-0"]
[Round "08"]
[TimeControl "180+2"]
[Date "2023.05.02"]
[WhiteClock "0:00:16"]
[BlackClock "0:00:02"]

1. d4 e6 2. c4 Bb4+ 3. Nc3 f5 4. Qb3 Qe7 5. Bf4 Bxc3+ 6. Qxc3 d6 7. Nf3 Nf6 8. e3 Ne4 9. Qc2 g5 10. Bg3 Nd7 11. Bd3 Ndf6 12. Nd2 Nxd2 13. Qxd2 Nh5 14. f3 Nxg3 15. hxg3 Bd7 16. O-O-O O-O-O 17. Rh6 Qg7 18. Rdh1 Rdf8 19. d5 Rf6 20. Rxf6 Qxf6 21. e4 e5 22. exf5 Bxf5 23. g4 Bxd3 24. Qxd3 h6 25. Qe4 Kd7 26. Kc2 Qf4 27. Qxf4 exf4 28. Kd3 Ke7 29. Kd4 Kf6 30. b4 Kg6 31. c5 h5 32. a4 Rh7 33. gxh5+ Rxh5 34. Re1 Rh2 35. cxd6 cxd6 36. Re6+ Kf5 37. Rxd6 Rxg2 38. Rd7 Rd2+ 39. Kc4 Rc2+ 40. Kd4 Rd2+ 41. Kc5 b6+ 42. Kc6 Rd3 43. Rxa7 Rxf3 44. d6 Rd3 45. Rf7+ Ke6 46. Re7+ Kf6 47. Re8 f3 48. d7 g4 49. d8=Q+ Rxd8 50. Rxd8 Ke5 51. Rf8 Ke4 52. a5 bxa5 53. bxa5 g3 54. a6 g2 55. a7 g1=Q 56. a8=Q Qc1+ 57. Kd6+ Kd4 58. Qd5+ Kc3 59. Rc8+ Kb2 60. Rxc1 Kxc1 61. Qxf3 1-0


[Site "https://www.chess.com"]

[Event "Titled Tuesday Blitz May 2 Late 2023"]
[White "Hakobyan, Aram"]
[Black "Suleymanli, Aydin"]
[WhiteFideId "13306677"]
[BlackFideId "13413937"]
[WhiteElo "2584"]
[BlackElo "2559"]
[Result "1-0"]
[Round "08"]
[TimeControl "180+2"]
[Date "2023.05.02"]
[WhiteClock "0:00:36"]
[BlackClock "0:00:02"]

1. d4 Nf6 2. c4 e6 3. Nc3 Bb4 4. e3 O-O 5. a3 Bxc3+ 6. bxc3 c5 7. Ne2 d6 8. Ng3 e5 9. Bd3 Nc6 10. d5 Ne7 11. O-O Ng6 12. f4 Qe7 13. f5 e4 14. fxg6 exd3 15. gxh7+ Nxh7 16. e4 b6 17. Qxd3 Re8 18. Bf4 Nf8 19. Nf5 Qxe4 20. Qxe4 Rxe4 21. Nxd6 Re2 22. Rae1 Rxe1 23. Rxe1 Ba6 24. h4 Ng6 25. Bg3 Kf8 26. h5 Ne7 27. Bh4 Ng8 28. a4 f6 29. Bg3 Rd8 30. Nb5 Bxb5 31. axb5 Ne7 32. Bf4 Kf7 33. g4 Nc8 34. Kf2 Rd7 35. Kf3 Ne7 36. Re6 Nc8 37. Rc6 Ne7 38. Bb8 f5 39. g5 g6 40. h6 Kg8 41. Be5 1-0


[Site "https://www.chess.com"]

[Event "Titled Tuesday Blitz May 2 Late 2023"]
[White "Bortnyk, Mykola"]
[Black "Naroditsky, Daniel"]
[WhiteFideId "14120836"]
[BlackFideId "2026961"]
[WhiteElo "2582"]
[BlackElo "2633"]
[Result "1/2-1/2"]
[Round "08"]
[TimeControl "180+2"]
[Date "2023.05.02"]
[WhiteClock "0:00:06"]
[BlackClock "0:00:05"]

1. e4 d6 2. d4 Nc6 3. Nf3 Nf6 4. Bd3 Bg4 5. c3 e5 6. Be3 Be7 7. h3 Bh5 8. g4 Bg6 9. d5 Nb8 10. Qc2 c6 11. c4 Nbd7 12. Nc3 cxd5 13. cxd5 Rc8 14. Qe2 O-O 15. Nd2 Nc5 16. Bc2 Nfd7 17. Rc1 h6 18. O-O Bg5 19. Bb1 Qe7 20. b4 Na6 21. a3 Nc7 22. Nf3 Bxe3 23. Qxe3 Nb6 24. Bd3 Qd7 25. Nh4 Bh7 26. Nf5 Kh8 27. Kh2 f6 28. Rc2 Rfd8 29. Rfc1 Bxf5 30. gxf5 Nca8 31. Nb5 a6 32. Nc7 Rxc7 33. Rxc7 Nxc7 34. Qxb6 Na8 35. Qa7 Rc8 36. Rg1 Qc7 37. Qe3 Nb6 38. Rb1 Nc4 39. Bxc4 Qxc4 40. Rg1 Qc2 41. Rg3 Qd1 42. Qf3 Qe1 43. Rg2 Rc1 44. Qg4 Qh1+ 45. Kg3 Rg1 46. Qf3 Rxg2+ 47. Qxg2 Qc1 48. Qf3 Kh7 49. Qg4 Qg1+ 50. Kf3 Qd1+ 51. Kg2 Qd3 52. Qg6+ Kh8 53. Qe8+ Kh7 54. Qg6+ Kh8 55. Qe8+ Kh7 56. Qg6+ 1/2-1/2


[Site "https://www.chess.com"]

[Event "Titled Tuesday Blitz May 2 Late 2023"]
[White "Sargsyan, Shant"]
[Black "Nakamura, Hikaru"]
[WhiteFideId "13306766"]
[BlackFideId "2016192"]
[WhiteElo "2628"]
[BlackElo "2885"]
[Result "1-0"]
[Round "08"]
[TimeControl "180+2"]
[Date "2023.05.02"]
[WhiteClock "0:00:15"]
[BlackClock "0:00:04"]

1. c4 Nf6 2. g3 e5 3. Bg2 c6 4. d4 e4 5. d5 Bb4+ 6. Bd2 Qb6 7. Nc3 cxd5 8. Nxd5 Nxd5 9. cxd5 e3 10. fxe3 Bc5 11. Qb3 d6 12. Nf3 O-O 13. Qxb6 Bxb6 14. Rc1 Nd7 15. Nd4 Nf6 16. O-O a6 17. a4 Re8 18. a5 Bc5 19. b4 Ba7 20. Rc7 Bb8 21. Rc2 Bd7 22. h3 h5 23. Kh2 Ba7 24. Bf3 Rac8 25. Rfc1 g5 26. Rxc8 Bxc8 27. b5 Bc5 28. Nb3 g4 29. hxg4 hxg4 30. Bg2 Nd7 31. b6 Kg7 32. Nxc5 Nxc5 33. e4 Kg6 34. Bf4 Bd7 35. e5 dxe5 36. Be3 Nb3 37. Rc7 Bb5 38. Rxb7 Nxa5 39. Rc7 Nc4 40. Bc5 e4 41. b7 1-0


[Site "https://www.chess.com"]